 Dungeon Crawl Stone Soup version 0.28-a0-1235-g7c8fac35f0 (webtiles) character file.

Game seed: 4392350611650909140

181 donnydurka the Chopper (level 5, -2/47 HPs)
             Began as a Minotaur Berserker on Dec 25, 2021.
             Was a Believer of Trog.
             Slain by a ball python (3 damage)
             ... on level 3 of the Dungeon.
             The game lasted 00:15:12 (2447 turns).

donnydurka the Chopper (Minotaur Berserker)         Turns: 2447, Time: 00:15:13

Health: -2/47      AC:  5    Str: 24    XL:     5   Next: 34%
Magic:  4/4        EV:  8    Int:  4    God:    Trog [**....]
Gold:   83         SH:  0    Dex:  9    Spells: 4/4 levels left

rFire   . . .      SeeInvis .   o - +2 quarterstaff (chaos)
rCold   . . .      Faith    .   (shield currently unavailable)
rNeg    . . .      Spirit   .   i - +0 ring mail
rPois   .          Reflect  .   (helmet restricted)
rElec   .          Harm     .   (no cloak)
rCorr   .          Rampage  .   (no gloves)
Will    .....                   (no boots)
Stlth   ..........              (no amulet)
HPRegen 0.15/turn               (no ring)
MPRegen 0.09/turn               (no ring)

@: on berserk cooldown, slowed, constricted, very slow
A: horns 2, retaliatory headbutt
a: Renounce Religion, Berserk, Trog's Hand


You were on level 3 of the Dungeon.
You worshipped Trog.
Trog was pleased with you.
You visited 1 branch of the dungeon, and saw 3 of its levels.

You collected 83 gold pieces.

Inventory:

Hand Weapons
 a - a +0 hand axe
 o - a +2 quarterstaff of chaos (weapon)
Missiles
 n - 17 stones (quivered)
Armour
 b - a +0 animal skin
 i - a +0 ring mail (worn)
 j - a +0 ring mail
 p - a +0 ring mail
Scrolls
 d - a scroll of fear {unknown}
 f - a scroll of acquirement {unknown}
 g - 2 scrolls of noise {unknown}
 h - 2 scrolls of identify
 k - 2 scrolls of teleportation {unknown}
 l - a scroll of immolation {unknown}
 m - a scroll of enchant armour {unknown}
Potions
 c - a potion of attraction
 e - a potion of haste {unknown}


   Skills:
 + Level 4.4 Fighting
 - Level 4.9 Axes
 * Level 1.0(3.3) Polearms
 + Level 1.1(1.4) Staves
 * Level 1.6 Throwing
 + Level 3.2 Armour
 + Level 3.2 Dodging
 + Level 0.3 Stealth


You had 4 spell levels left.
You didn't know any spells.
Your spell library was empty.

Dungeon Overview and Level Annotations

Branches:
Dungeon (3/15)

Altars:


Innate Abilities, Weirdness & Mutations

You have a pair of horns on your head.
You reflexively headbutt those who attack you in melee.


Message History

The gnoll hits you with a +0 halberd!
* * * LOW HITPOINT WARNING * * *
You sock the gnoll!
The gnoll resists with some effort.
Your headbutt misses the gnoll.
The gnoll is almost dead.
The gnoll barely misses you.
You closely miss the gnoll. Your headbutt misses the gnoll.
The gnoll is almost dead.
The gnoll barely misses you.
You sock the gnoll!
You kill the gnoll!
Trog accepts your kill. The hobgoblin closely misses you.
Your Staves skill increases to level 1!
You closely miss the hobgoblin. You thump the hobgoblin!
You kill the hobgoblin!
Trog accepts your kill.
A ball python comes into view.
You see here 14 gold pieces.
You feel a strong urge to attack something.
Things that are here:
a +0 club; a gnoll corpse You are no longer berserk.
You are exhausted.
You feel yourself slow down.
You see here 14 gold pieces.
You now have 83 gold pieces (gained 14).
Things that are here:
a +0 club; a gnoll corpse The ball python closely misses you.
The ball python grabs you. The ball python constricts you.
* * * LOW HITPOINT WARNING * * *
The ball python bites you but does no damage.
The ball python constricts you.
As you read the scroll labelled OCOIKA RAKAGE, it crumbles to dust.
It is a scroll of identify.
c - a potion of attraction The ball python bites you.
You die...

#..# #.# #..# #.# #..# #.#
#..##### #########.##
#...... ............ #.
#...##############....
....###..................###
g.g.....#)##############.###
.........)S@)..............>
##..#####)##.###########.###
#. #.#.#.# #....<... #. #.#
#.#. #.####.### . #.# .#.#.
#.# # #.# .# #.#. #.# # #.#
.# #.#. #.. . .# .# #.#.
#.... #..


You could see a ball python.

Vanquished Creatures
  Crazy Yiuf (D:2)
  A gnoll shaman (D:3)
  5 gnolls (D:3)
  2 adders (D:2)
  2 worms
  A dart slug (D:1)
  5 bats
  5 endoplasms
  A giant cockroach (D:1)
  5 goblins
  7 hobgoblins
  5 kobolds
  5 quokkas
  5 ball pythons
  4 frilled lizards (D:1)
  3 rats (D:1)
57 creatures vanquished.

Vanquished Creatures (others)
  10 plants (D:1)
  10 withered plants (D:1)
20 creatures vanquished.

Grand Total: 77 creatures vanquished

Notes
Turn   | Place    | Note
-------+----------+-------------------------------------------
     0 | D:1      | donnydurka the Minotaur Berserker began the quest for the
                  | Orb.
     0 | D:1      | Reached XP level 1. HP: 19/19 MP: 0/0
   363 | D:1      | Reached XP level 2. HP: 26/27 MP: 1/1
   820 | D:1      | Reached ** piety under Trog
   907 | D:1      | Reached XP level 3. HP: 29/33 MP: 2/2
  1028 | D:1      | Found a faded altar of an unknown god.
  1833 | D:2      | Found a runed translucent door.
  1834 | D:2      | Noticed Crazy Yiuf
  1848 | D:2      | Killed Crazy Yiuf
  1849 | D:2      | Reached XP level 4. HP: 27/40 MP: 3/3
  2425 | D:3      | Reached skill level 1 in Throwing
  2430 | D:3      | Reached XP level 5. HP: 26/47 MP: 4/4
  2434 | D:3      | Reached skill level 1 in Polearms
  2435 | D:3      | HP: 1/70 [gnoll (11)]
  2439 | D:3      | Reached skill level 1 in Staves
  2446 | D:3      | HP: 1/47 [constriction (1)]
  2447 | D:3      | Slain by a ball python

Illustrated notes

Levels and vault maps discovered:
D:1:      enne_arrival_octagon_isle, layout_basic,
          shapermc_ecumenical_altar_flowoftime
D:2:      layout_rooms, serial_glass, glass_columns_a, glass_columns_c,
          glass_columns_a, glass_columns_a, glass_columns_b, glass_columns_b,
          glass_columns_a, glass_columns_a, fountainhead,
          uniq_crazy_yiuf_cottage
D:3:      layout_basic, nrook_mini_vaults, hex_intersection, dk_noncrumbling_2

Skill      XL: |  1  2  3  4  5 |
---------------+----------------+-----
Axes           | 4 |  4.9
Fighting       | 4 |  4.4
Dodging        | 3 |  3.2
Throwing       | 1 |  1.6
Armour         | 3 |  3.2
Polearms       | 1 |  1.0
Staves         | 1 |  1.1
Stealth        | |  0.3

Action                   |  1- 3 |  4- 6 || total
-------------------------+-------+-------++-------
Melee: Hand axe          |   111 |       ||   111
       Headbutt          |    27 |     3 ||    30
       Quarterstaff      |       |    21 ||    21
Invok: Berserk           |     1 |     1 ||     2
  Use: Scroll            |       |     1 ||     1
Armor: Animal skin       |    11 |       ||    11
       Ring mail         |    12 |     3 ||    15
Dodge: Dodged            |    56 |    21 ||    77

Table legend: (Time is in decaauts)
 A = Elapsed time spent in this place.
 B = Non-inter-level travel time spent in this place.
 C = Inter-level travel time spent in this place.
 D = Time resting spent in this place.
 E = Time spent auto-exploring this place.
 F = Levels seen in this place.
 G = Mean time per level.
                   A        B        C        D        E       F      G
               +--------+--------+--------+--------+--------+-----+--------+
         Total |   2466 |   2466 |      0 |    848 |    832 |   3 |  822.0 |
       Dungeon |   2466 |   2466 |      0 |    848 |    832 |   3 |  822.0 |
               +--------+--------+--------+--------+--------+-----+--------+

Top non-repeatable levels by time:
     D:1: 1414 daAuts
     D:2: 951 daAuts
     D:3: 99 daAuts
